Map: [ESL] Gresvan

Players

marcj (uThermal)

  • Race: Terran Terran
  • League: Master
  • Spawn Location: 5:00

ShaDoWn - Winner!

  • Race: Protoss Protoss
  • Spawn Location: 11:00

Event: HomeStory Cup XXIII

VOD

Have the link to the VOD?

Description

Time

  • Played on: July 1, 2023, 2:47 p.m.
  • Length: 10:20

All games in this series

Show
View Real Time Build Order
Export as new Build Order

marcj Terran 

Build Orders: Cyclone Opening 

Get SALT Encoding   

  12  0:00  SCV  
  13  0:12  SCV  
  14  0:16  Supply Depot  
  14  0:24  SCV  
  15  0:38  SCV  
  15  0:40  Barracks  
  16  0:44  Refinery  
  16  0:50  SCV  
  16  0:54  Refinery  
  17  1:02  SCV  
  18  1:14  SCV  
  19  1:27  Orbital Command, Reaper  
  19  1:31  Supply Depot  
  20  1:42  Factory  
  20  1:53  SCV  
  21  1:59  Barracks Reactor  
  21  2:05  SCV  
  22  2:17  SCV  
  23  2:23  Command Center  
  23  2:25  Factory Tech Lab  
  23  2:29  SCV  
  24  2:35  Reaper x2  
  26  2:45  Cyclone  
  26  2:50  SCV, Supply Depot  
  30  3:02  SCV  
  31  3:11  Reaper x2  
  31  3:12  Engineering Bay  
  33  3:14  SCV  
  34  3:23  Cyclone  
  37  3:28  SCV  
  38  3:40  SCV  
  39  3:43  Reaper x2  
  41  3:52  SCV  
  42  3:58  Missile Turret  
  42  4:00  Cyclone  
  44  4:04  SCV  
  45  4:16  SCV  
  43  4:26  Planetary Fortress  
  43  4:29  SCV  
  41  4:50  Cyclone  
  41  4:51  SCV  
  38  5:03  SCV, Marine x2  
  38  5:04  SCV  
  40  5:15  SCV  
  40  5:21  Marine x2  
  40  5:27  SCV  
  41  5:34  Supply Depot  
  41  5:39  SCV  
  41  5:42  Barracks  
  39  5:43  Barracks x2  
  39  5:56  Marine x2, Siege Tank, Supply Depot  
  45  6:00  Terran Infantry Weapons Level 1  
  44  6:08  Supply Depot  
  44  6:13  Marine x2  
  46  6:28  Siege Tank  
  46  6:29  Barracks Tech Lab  
  46  6:30  Barracks Reactor, Barracks Tech Lab  
  46  6:32  Marine x2  
  51  6:38  Supply Depot  
  51  6:47  Stimpack, Marine  
  51  6:48  Marine  
  51  6:50  Marine x2  
  51  6:53  Combat Shield  
  55  7:05  Marine  
  55  7:07  Marine x2  
  55  7:08  Marine x2  
  61  7:14  Supply Depot  
  60  7:16  Siege Tank  
  60  7:17  Marine  
  64  7:23  Marine  
  64  7:25  Marine x2  
  64  7:29  Marine  
  68  7:34  Marine  
  69  7:37  Marine  
  69  7:40  Marine  
  71  7:48  Siege Tank  
  71  7:49  Marine  
  75  7:51  Marine  
  75  7:56  Marine x2  
  78  8:02  Marine  
Show
View Real Time Build Order
Export as new Build Order

ShaDoWn Protoss - Winner!

Build Orders: 1 Gate Expand, Phoenix Opening 

Get SALT Encoding   

  12  0:00  Probe  
  13  0:12  Probe  
  14  0:19  Pylon  
  14  0:24  Probe  
  15  0:37  Probe (Chrono Boost)  
  15  0:38  Gateway  
  16  0:45  Assimilator  
  16  0:48  Probe (Chrono Boost)  
  17  0:52  Probe (Chrono Boost)  
  18  1:04  Probe  
  19  1:16  Probe  
  20  1:28  Cybernetics Core  
  20  1:32  Nexus  
  21  1:41  Assimilator  
  21  1:45  Pylon  
  20  1:48  Probe  
  21  2:00  Probe  
  22  2:01  Stalker (Chrono Boost)  
  22  2:03  Warp Gate (Chrono Boost)  
  24  2:12  Probe  
  25  2:24  Stalker  
  25  2:25  Probe  
  29  2:37  Probe  
  29  2:45  Gateway  
  29  2:46  Gateway  
  29  2:48  Probe  
  29  2:49  Probe  
  31  3:00  Probe  
  31  3:01  Probe  
  31  3:02  Stargate  
  34  3:12  Probe  
  34  3:13  Pylon  
  34  3:14  Probe  
  35  3:22  Shield Battery  
  35  3:24  Probe  
  35  3:26  Stalker (Chrono Boost)  
  35  3:30  Probe  
  39  3:42  Probe  
  39  3:45  Stalker  
  41  3:49  Phoenix  
  43  4:03  Stalker  
  43  4:07  Stalker  
  47  4:10  Stalker  
  43  4:26  Stalker  
  43  4:30  Shield Battery  
  45  4:33  Stalker x2  
  45  4:38  Shield Battery x2  
  47  4:50  Stalker  
  47  4:51  Shield Battery  
  47  4:53  Probe x2  
  47  4:58  Stalker  
  51  5:02  Stalker  
  51  5:05  Probe x2  
  51  5:17  Probe  
  51  5:18  Stalker  
  54  5:24  Pylon  
  54  5:29  Assimilator  
  54  5:30  Assimilator  
  54  5:35  Pylon  
  54  5:38  Fleet Beacon  
  54  5:40  Pylon  
  54  5:42  Probe x2  
  56  5:55  Probe (Chrono Boost)  
  58  5:57  Pylon  
  58  5:59  Probe (Chrono Boost)  
  59  6:05  Probe (Chrono Boost)  
  59  6:08  Probe (Chrono Boost)  
  59  6:10  Probe (Chrono Boost)  
  60  6:14  Pylon  
  60  6:16  Mothership (Chrono Boost)  
  69  6:26  Gateway  
  69  6:29  Robotics Facility  
  69  6:36  Forge  
  70  6:49  Probe (Chrono Boost)  
  70  6:52  Gateway  
  70  6:54  Gateway, Sentry x2  
  74  6:55  Gateway  
  74  6:57  Sentry  
  74  6:59  Gateway  
  76  7:05  Gateway  
  77  7:18  Observer (Chrono Boost)  
  77  7:19  Probe (Chrono Boost)  
  77  7:21  Sentry  
  77  7:22  Zealot x3  
  86  7:31  Warp Prism (Chrono Boost)  
  86  7:32  Pylon  
  87  7:47  Sentry  
  87  7:48  Zealot, Sentry  
  93  7:51  Pylon  
  93  7:54  Nexus  
  93  8:22  Photon Cannon  
  93  8:31  Photon Cannon  
  93  8:33  Sentry x3  
  93  8:34  Zealot x5  
  109  8:48  Phoenix  
  98  8:56  Phoenix  
  98  8:57  Phoenix, Pylon  
  96  9:23  Nexus  
  78  10:00  Nexus  
Tags
 
Add a new tag
Caveats
  • Supply blocks, unpowered buildings, or Contaminate may cause inaccurate times.
  • Supply counts are checked every 10 seconds.